 Dungeon Crawl Stone Soup version 0.14.1-21-g36cd379 (webtiles) character file.

172 Kae the Firebug (level 4, 0/27 HPs)
             Began as an Octopode Fire Elementalist on June 6, 2014.
             Succumbed to a kobold's poison
             ... on Level 3 of the Dungeon.
             The game lasted 00:02:25 (2582 turns).

Kae the Firebug (Octopode Fire Elementalist)        Turns: 2582, Time: 00:02:25

HP   0/27        AC  1     Str  7      XL: 4   Next: 21%
MP   8/8         EV 12     Int 23      God:
Gold 102         SH  0     Dex  8 (12) Spells:  1 memorised,  6 levels left

rFire  . . .     SeeInvis .     q - +2 hand axe (chop)
rCold  . . .     Clarity  .     (no shield)
rNeg   . . .     Conserve .     (helmet restricted)
rPois  .         rCorr    .     (no amulet)
rElec  .         rRot     .     (no ring)
SustAb . .       Spirit   .     (no ring)
rMut   .         Warding  .     (no ring)
Saprov . . .     Stasis   .     (no ring)
MR     .....                    (no ring)
                                (no ring)
                                (no ring)
                                (no ring)

@: confused, brilliant, lethally poisoned, very slightly contaminated, hasted,
very quick, not resistant to hostile enchantments, fairly stealthy
A: almost no armour, amphibious, 8 rings, constrict 8, camouflage 1, gelatinous
body 1
a: no special abilities


You were on level 3 of the Dungeon.
You were not hungry.

You visited 1 branch of the dungeon, and saw 3 of its levels.

You collected 102 gold pieces.

Inventory:

Hand weapons
 q - a +2,+2 hand axe of chopping (weapon)
Comestibles
 c - 3 bread rations
 j - a rotting chunk of goblin flesh
 p - an apple
Scrolls
 a - a scroll of teleportation {unknown}
 e - a scroll of identify {unknown}
 h - a scroll of immolation {unknown}
 i - a scroll of amnesia {unknown}
 k - a scroll of blinking {unknown}
 l - a scroll of fog {unknown}
 m - a scroll of enchant armour {unknown}
 o - a scroll of fear {unknown}
Potions
 d - a potion of degeneration
 g - a potion of confusion
 n - a potion of brilliance
Books
 b - a book of Flames

   Spells                             Type                      Level
   *Flame Tongue                      Conjuration/Fire             1
   Throw Flame                        Conjuration/Fire             2
   Conjure Flame                      Conjuration/Fire             3
   Inner Flame                        Hexes/Fire                   3
   Sticky Flame                       Conjuration/Fire             4
   Fireball                           Conjuration/Fire             5


   Skills:
 - Level 2.0 Dodging
 - Level 2.6 Stealth
 + Level 2.3 Spellcasting
 * Level 2.6 Conjurations
 * Level 3.9 Fire Magic


You had 6 spell levels left.
You knew the following spells:

 Your Spells              Type           Power        Failure   Level  Hunger
a - Flame Tongue          Conj/Fire      ####.        1%          1    None


Dungeon Overview and Level Annotations

Branches:
Dungeon (3/15)

Altars:
Dithmenos


Innate Abilities, Weirdness & Mutations

You cannot wear most types of armour.
You are amphibious.
You can wear up to eight rings at the same time.
You can use your tentacles to constrict many enemies at once.
Your skin changes colour to match your surroundings (Stlth).
Your rubbery body absorbs attacks (AC +1).


Message History

You feel sick.
Drink which item? (? for menu, Esc to quit)
You can't drink that!
Drink which item? (? for menu, Esc to quit)
You feel clever all of a sudden.
It was a potion of brilliance.
* * * LOW HITPOINT WARNING * * *
You feel sick.
There is a lethal amount of poison in your body!
Drink which item? (? for menu, Esc to quit)
Okay, then.
* * * LOW HITPOINT WARNING * * *
You feel sick.
* * * LOW HITPOINT WARNING * * *
You feel sick.
Ouch!
* * * LOW HITPOINT WARNING * * *
You feel sick.
Ouch! You die...

# # # ######+##### #
#..........#########
+.)...?....#........
#...(.(.(..#.#######
#..........#.# #
#..@.....(.'.# #
#..........### #
####+####### # # # #
# #


There were no monsters in sight!

Vanquished Creatures
  A gnoll (D:1)
  An adder (D:2)
  An inept item mimic (D:2)
  2 giant geckos (D:1)
  4 giant cockroaches
  5 hobgoblins
  4 jackals
  4 kobolds
  A quokka (D:2)
  6 bats
  2 giant newts (D:1)
  7 goblins
  6 rats
44 creatures vanquished.

Notes
Turn   | Place    | Note
--------------------------------------------------------------
     0 | D:1      | Kae, the Octopode Fire Elementalist, began the quest for the Orb.
     0 | D:1      | Reached XP level 1. HP: 11/11 MP: 3/3
   382 | D:1      | Reached XP level 2. HP: 6/17 MP: 1/4
   852 | D:1      | Reached XP level 3. HP: 9/21 MP: 6/6
  2000 | D:2      | Reached XP level 4. HP: 16/27 MP: 5/8
  2468 | D:3      | Found a shadowy altar of Dithmenos.
  2580 | D:3      | HP: 1/27 [poisoned by a kobold]
  2582 | D:3      | Succumbed to a kobold's poison

Action                   |  1- 3 |  4- 6 || total
-------------------------+-------+-------++-------
Melee: Unarmed           |    78 |    29 ||   107
 Cast: Flame Tongue      |    15 |     2 ||    17
  Use: Potion            |       |     4 ||     4
 Stab: Sleeping          |     4 |     1 ||     5
       Distracted        |     1 |       ||     1
